Map: 어비설 리프 - 래더

Players

MaNa

  • Race: Protoss Protoss
  • Spawn Location: 5:00

Dark - Winner!

  • Race: Zerg Zerg
  • Spawn Location: 11:00

Event: IEM XI Katowice - World Championship 2017

VOD

Have the link to the VOD?

Description

Time

  • Played on: March 3, 2017, 2:52 p.m.
  • Length: 8:19

All games in this series

Show
View Real Time Build Order
Export as new Build Order

MaNa Protoss 

Build Orders: 1 Gate Expand, Zealot Archon, Dark Templar Rush 

Get SALT Encoding   

  12  0:00  Probe (Chrono Boost)  
  13  0:11  Probe (Chrono Boost)  
  14  0:22  Pylon, Probe (Chrono Boost)  
  15  0:40  Probe (Chrono Boost)  
  16  0:42  Gateway  
  16  0:45  Assimilator  
  16  0:51  Probe (Chrono Boost)  
  17  1:01  Probe (Chrono Boost)  
  18  1:12  Probe (Chrono Boost)  
  19  1:22  Probe (Chrono Boost)  
  20  1:30  Nexus  
  20  1:36  Cybernetics Core  
  20  1:39  Probe (Chrono Boost)  
  21  1:45  Assimilator  
  21  1:49  Probe (Chrono Boost)  
  22  2:00  Probe (Chrono Boost)  
  23  2:02  Pylon  
  23  2:13  Warp Gate  
  23  2:17  Adept  
  23  2:21  Probe (Chrono Boost)  
  26  2:33  Mothership Core (Chrono Boost)  
  28  2:40  Twilight Council  
  28  2:42  Probe (Chrono Boost)  
  29  2:51  Probe (Chrono Boost)  
  29  2:54  Probe (Chrono Boost)  
  31  3:02  Robotics Facility, Probe (Chrono Boost)  
  31  3:04  Probe (Chrono Boost)  
  34  3:13  Probe (Chrono Boost)  
  34  3:15  Probe (Chrono Boost)  
  35  3:23  Probe (Chrono Boost)  
  35  3:25  Probe (Chrono Boost)  
  37  3:31  Dark Shrine  
  37  3:34  Probe (Chrono Boost)  
  38  3:36  Probe (Chrono Boost)  
  39  3:43  Pylon  
  38  3:53  Probe (Chrono Boost)  
  37  4:00  Gateway  
  36  4:03  Probe (Chrono Boost)  
  36  4:05  Gateway  
  36  4:07  Probe (Chrono Boost)  
  38  4:11  Gateway  
  38  4:13  Warp Prism  
  38  4:14  Probe (Chrono Boost)  
  38  4:25  Probe (Chrono Boost)  
  38  4:27  Probe (Chrono Boost)  
  38  4:28  Adept  
  42  4:36  Probe (Chrono Boost)  
  43  4:41  Probe (Chrono Boost)  
  43  4:44  Assimilator  
  44  4:46  Probe (Chrono Boost)  
  44  4:47  Assimilator  
  46  4:53  Probe (Chrono Boost)  
  46  4:54  Gateway  
  46  4:57  Probe (Chrono Boost)  
  47  5:04  Dark Templar x2  
  51  5:12  Pylon  
  51  5:23  Pylon  
  51  5:24  Pylon  
  51  5:26  Pylon  
  51  5:29  Archon  
  51  5:32  Resonating Glaives  
  51  5:36  Nexus  
  51  5:39  Pylon  
  51  5:41  Probe x2 (Chrono Boost)  
  52  5:47  Dark Templar x2  
  56  5:52  Probe x2 (Chrono Boost)  
  56  5:56  Archon  
  58  6:03  Probe x2 (Chrono Boost), Warp Prism  
  62  6:13  Probe (Chrono Boost)  
  62  6:17  Probe (Chrono Boost)  
  64  6:24  Adept x3  
  69  6:30  Pylon  
  69  6:34  Pylon  
  69  6:48  Pylon, Probe x2 (Chrono Boost)  
  69  6:49  Probe (Chrono Boost)  
  72  7:03  Probe (Chrono Boost)  
  72  7:04  Immortal  
  72  7:06  Adept x4  
  82  7:09  Probe (Chrono Boost)  
  80  7:19  Probe x2 (Chrono Boost)  
  76  7:23  Robotics Facility  
  76  7:27  Adept x2  
  76  7:28  Adept x2  
  82  7:32  Pylon  
  82  7:38  Immortal  
  85  7:47  Adept x2  
  85  7:48  Adept x2  
  62  8:09  Adept x4  
Show
View Real Time Build Order
Export as new Build Order

Dark Zerg - Winner!

Build Orders: Hatch First 

Get SALT Encoding   

  12  0:00  Drone  
  13  0:12  Overlord  
  13  0:18  Drone  
  14  0:30  Drone x2  
  14  0:34  Drone  
  17  0:53  Drone  
  18  0:57  Hatchery  
  18  1:00  Drone  
  18  1:05  Extractor  
  17  1:15  Spawning Pool  
  17  1:16  Drone  
  17  1:20  Drone  
  18  1:28  Drone  
  19  1:38  Drone  
  20  1:51  Drone  
  21  1:54  Hatchery  
  20  2:02  Zergling x2  
  20  2:08  Metabolic Boost  
  21  2:10  Queen  
  21  2:14  Drone  
  24  2:18  Drone  
  25  2:25  Overlord  
  25  2:31  Queen  
  25  2:35  Drone  
  28  2:48  Evolution Chamber  
  28  2:49  Zergling x8  
  31  2:52  Zergling x2  
  32  3:03  Zergling x4  
  33  3:20  Drone x7  
  40  3:27  Overlord  
  40  3:30  Drone  
  40  3:44  Drone  
  40  3:45  Queen  
  40  3:47  Drone x2  
  45  3:50  Drone x3  
  45  3:51  Drone  
  45  3:53  Drone  
  45  3:54  Overlord  
  48  4:10  Roach Warren, Drone x2  
  48  4:12  Drone x3  
  51  4:17  Zergling x6  
  52  4:27  Lair  
  52  4:29  Spore Crawler x2, Drone x2  
  52  4:31  Spore Crawler, Queen  
  54  4:34  Overlord x2  
  53  4:40  Extractor  
  53  4:41  Extractor  
  50  4:52  Overlord  
  50  4:53  Drone x4  
  50  4:55  Drone x3  
  57  5:00  Drone x2  
  57  5:01  Overlord  
  57  5:02  Roach x2  
  57  5:04  Roach  
  65  5:07  Overlord  
  65  5:12  Roach  
  65  5:13  Roach  
  68  5:21  Roach x2, Drone x2  
  73  5:25  Glial Reconstitution  
  73  5:27  Overseer  
  73  5:28  Overlord, Drone  
  74  5:31  Drone x2  
  74  5:32  Extractor  
  76  5:36  Overseer  
  76  5:37  Drone x2  
  76  5:42  Drone x4  
  82  5:43  Drone  
  82  5:44  Drone  
  84  5:57  Overlord  
  84  6:01  Zerg Missile Weapons Level 1  
  84  6:02  Hatchery  
  84  6:04  Roach x3  
  89  6:09  Roach x3  
  95  6:15  Overlord x2  
  97  6:18  Roach  
  97  6:19  Overlord  
  97  6:22  Overlord  
  97  6:24  Overlord  
  95  6:34  Drone  
  95  6:39  Drone x2  
  96  6:43  Roach x4  
  96  6:44  Roach x5  
  114  6:47  Roach x3  
  114  6:50  Roach  
  114  6:52  Roach  
  114  6:53  Roach  
  124  7:03  Roach x3  
  124  7:05  Roach  
  127  7:09  Roach  
  129  7:16  Overlord  
  129  7:18  Roach x2  
  129  7:19  Roach x2  
  129  7:20  Overlord  
  129  7:21  Roach  
  136  7:27  Overlord  
  136  7:32  Overlord x2  
  136  7:34  Overlord  
  136  7:38  Roach  
  136  7:42  Roach x3  
  142  7:44  Roach  
  142  7:45  Roach  
  142  7:47  Roach x3  
  142  7:48  Roach x2  
  156  7:52  Roach x2  
  156  7:58  Roach x2  
  158  7:59  Roach x2  
  158  8:00  Zergling x4  

Tags
 
Add a new tag
Caveats
  • Supply blocks, unpowered buildings, or Contaminate may cause inaccurate times.
  • Supply counts are checked every 10 seconds.